 Dungeon Crawl Stone Soup version 0.17.1-1-g73c8601 (webtiles) character file.

30 Flanowski the Chiller (level 3, 18/24 HPs)
             Began as a Demonspawn Ice Elementalist on Jan 5, 2016.
             Quit the game on level 1 of the Dungeon.
             The game lasted 00:05:51 (1626 turns).

Flanowski the Chiller (Demonspawn Ice Elementalist) Turns: 1626, Time: 00:05:51

Health: 18/24      AC:  2    Str:  8    XL:     3   Next: 5%
Magic:  4/6        EV: 12    Int: 17    God:
Gold:   64         SH:  0    Dex: 13    Spells: 2 memorised, 3 levels left

rFire  . . .     SeeInvis .     (no weapon)
rCold  . . .     Clarity  .     a - +0 robe
rNeg   . . .     SustAt   +     (no shield)
rPois  .         Gourm    .     (helmet restricted)
rElec  .         Spirit   .     (no cloak)
rCorr  .         Warding  .     (no gloves)
rMut   .         Stasis   .     (no boots)
MR     .....                    (no amulet)
Stlth  ++........               (no ring)
                                e - ring of sustain attributes

@: not resistant to hostile enchantments, unstealthy
A: antennae 1
a: no special abilities


You were on level 1 of the Dungeon.
You were very hungry.

You visited 1 branch of the dungeon, and saw 1 of its levels.

You collected 64 gold pieces.

Inventory:

Armour
 a - a +0 robe (worn)
Jewellery
 e - a ring of sustain attributes (left hand)
Scrolls
 f - a scroll of magic mapping {unknown}
 h - a scroll of remove curse {unknown}
 i - a scroll of enchant weapon {unknown}
Potions
 d - a potion of mutation {unknown}
 g - 2 potions of might {unknown}
 j - 2 potions of haste {unknown}
 k - a potion of brilliance {unknown}
 l - a potion of degeneration {unknown}
 m - a potion of magic {unknown}
Books
 b - a book of Frost

   Spells                             Type                      Level
   a - Freeze                         Ice                          1
   b - Throw Frost                    Conjuration/Ice              2
   c - Ozocubu's Armour               Charms/Ice                   3
   d - Throw Icicle                   Conjuration/Ice              4
   e - Summon Ice Beast               Ice/Summoning                4
   f - Condensation Shield            Ice                          4
Comestibles
 c - a bread ration


   Skills:
 - Level 1.7 Dodging
 - Level 1.7 Stealth
 + Level 0.1 Unarmed Combat
 + Level 2.2 Spellcasting
 + Level 1.0 Conjurations
 * Level 3.6 Ice Magic


You had 3 spell levels left.
You knew the following spells:

 Your Spells              Type           Power        Failure   Level  Hunger
a - Freeze                Ice            ##..         4%          1    #......
b - Throw Frost           Conj/Ice       #.....       14%         2    ###....


Dungeon Overview and Level Annotations

Branches:
Dungeon (1/15)

Altars:
Nemelex Xobeh


Innate Abilities, Weirdness & Mutations

You have a pair of small antennae on your head.


Message History

The hobgoblin hits you.
A kobold comes into view. It is wielding a dagger.
Casting: Freeze
Confirm with . or Enter, or press ? or * to list all spells.
Aiming: Freeze
Press: ? - help, Shift-Dir - straight line, f - hobgoblin
Aim: a hobgoblin You freeze the hobgoblin.
The hobgoblin is severely wounded.
The kobold shouts!
The hobgoblin hits you.
Casting: Freeze
Confirm with . or Enter, or press ? or * to list all spells.
Aiming: Freeze
Press: ? - help, Shift-Dir - straight line, f/p - hobgoblin
Aim: a hobgoblin (severely wounded)
You freeze the hobgoblin.
You kill the hobgoblin!
Okay, then.
Are you sure you want to abandon this character and quit the game? (Confirm with "yes".)

####...####.#..≈≈≈≈≈.≈≈.#
#...# #.#.≈≈..≈.≈≈..#
##### #.#..≈≈.≈K≈≈..#
#.#...≈≈.≈....#
#.....≈.......#
#...#........##
#######...##.......##
#...............#...#
#.#####.....@...##..# #.#
#.....##......# #.#
#)............# #####.#
#..##.........# ......#
#.#.#.#....#..# #######
#.#.#.........# .#
#........######
)##########.########
............#


You could see a kobold.

Vanquished Creatures
  7 bats (D:1)
  3 goblins (D:1)
  2 hobgoblins (D:1)
  4 jackals (D:1)
  3 kobolds (D:1)
  A giant cockroach (D:1)
  3 giant newts (D:1)
  5 rats (D:1)
28 creatures vanquished.

Notes
Turn   | Place    | Note
--------------------------------------------------------------
     0 | D:1      | Flanowski the Demonspawn Ice Elementalist began the quest for the Orb.
     0 | D:1      | Reached XP level 1. HP: 13/13 MP: 3/3
   239 | D:1      | Reached skill level 3 in Ice Magic
   435 | D:1      | Gained mutation: You have a pair of small antennae on your head. [demonic ancestry]
   435 | D:1      | Reached XP level 2. HP: 19/19 MP: 3/5
   637 | D:1      | Found a sparkling altar of Nemelex Xobeh.
   641 | D:1      | Learned a level 2 spell: Throw Frost
  1146 | D:1      | Reached XP level 3. HP: 3/24 MP: 0/6
  1626 | D:1      | Quit the game

Action                   || total
-------------------------++-------
Melee: Unarmed           ||    31
 Cast: Freeze            ||    42
       Throw Frost       ||     1
  Eat: Chunk             ||     2
